 Dungeon Crawl Stone Soup version 0.24-a0-243-g8f5f5cd (webtiles) character file.

Game seed: 1770552398616987205

131 KristoblXynda the Ruffian (level 4, -6/35 HPs)
             Began as a Troll Wizard on Apr 9, 2019.
             Was an Initiate of Hepliaklqana.
             Mangled by Grinder (9 damage)
             ... while paralysed by Grinder
             ... on level 3 of the Dungeon.
             The game lasted 00:04:45 (2388 turns).

KristoblXynda the Ruffian (Troll Wizard)            Turns: 2388, Time: 00:04:46

Health: -6/35      AC:  6    Str: 17    XL:     4   Next: 91%
Magic:  6/6        EV:  1    Int: 15    God:    Hepliaklqana [......]
Gold:   91         SH:  0    Dex:  8    Spells: 6/7 levels left

rFire    . . .     SeeInvis .     - Unarmed
rCold    . . .     Gourm    +   (no shield)
rNeg     . . .     Faith    .   a - +0 robe
rPois    .         Spirit   .   b - +0 hat
rElec    .         Reflect  .   (no cloak)
rCorr    .         Harm     .   (gloves unavailable)
MR       .....                  (boots unavailable)
Stlth    +.........             (no amulet)
HPRegen  0.51/turn              (no ring)
MPRegen  0.10/turn              j - +2 ring of strength

@: paralysed
A: large, unfitting armour, reduced essence, claws 3, fast metabolism 3,
gourmand, regeneration 1, shaggy fur 1, tough skin 3
a: Recall Ancestor, Ancestor Identity, Renounce Religion


You were on level 3 of the Dungeon.
You worshipped Hepliaklqana.
Hepliaklqana was noncommittal.
You were very full.

You visited 1 branch of the dungeon, and saw 3 of its levels.

You collected 91 gold pieces.

Inventory:

Armour
 a - a +0 robe (worn)
 b - a +0 hat (worn)
Jewellery
 j - a +2 ring of strength (right claw)
Scrolls
 c - 6 scrolls of identify {unknown}
 g - a scroll of magic mapping {unknown}
 i - a scroll of teleportation {unknown}
 l - a scroll of remove curse {unknown}
 o - a scroll of random uselessness {unknown}
Potions
 e - 2 potions of might {unknown}
 f - a potion of curing {unknown}
 k - 2 potions of degeneration {unknown}
 m - a potion of haste {unknown}
 n - a potion of agility {unknown}
Comestibles
 d - 6 rations


   Skills:
 - Level 1.7 Dodging
 - Level 1.0 Stealth
 + Level 2.8 Unarmed Combat
 - Level 2.3 Spellcasting
 + Level 2.1 Conjurations
   Level 0.6 Summonings
   Level 0.6 Translocations


You had 6 spell levels left.
You knew the following spells:

 Your Spells              Type           Power        Failure   Level  Hunger
a - Magic Dart            Conj           #...         9%          1    #......

Your spell library contained the following spells:

 Spells                   Type           Power        Failure   Level  Hunger
 Blink                    Tloc           N/A          26%         2    ###....
 Call Imp                 Summ           #.......     26%         2    ###....
 Slow                     Hex            #.......     32%         2    ###....
 Conjure Flame            Conj/Fire      #.......     38%         3    ###....
 Mephitic Cloud           Conj/Pois/Air  #.......     43%         3    ###....


Dungeon Overview and Level Annotations

Branches:
Dungeon (3/15)

Altars:
Hepliaklqana
Qazlal

Annotations:
D:3 Grinder


Innate Abilities, Weirdness & Mutations

You are too large for most types of armour.
You have claws for hands.
Your metabolism is lightning-fast.
You like to eat raw meat.
Your natural rate of healing is unusually fast.
You are covered in fur. (AC +1)
You have extremely tough skin. (AC +3)
Your life essence is reduced to manifest your ancestor. (-10% HP)


Message History

Grinder gestures at you. Pain shoots through your body!
Grinder gestures at you. Pain shoots through your body!
You claw Grinder!
Grinder is moderately wounded.
Appia barely misses Grinder.
Grinder hits you.
You writhe in agony.
You closely miss Grinder.
Grinder is moderately wounded.
Appia closely misses Grinder.
Grinder gestures at you.
You suddenly lose the ability to move!
Appia closely misses Grinder.
Grinder hits you.
You writhe in agony.
Appia closely misses Grinder.
Grinder gestures at you. Pain shoots through your body!
* * * LOW HITPOINT WARNING * * *
Appia hits Grinder.
Grinder hits you but does no damage.
Appia misses Grinder.
Grinder hits you!
You die...

##♣♣♣♣♣♣
#..5@P.♣
#.♣♣R.P♣♣
♣♣..P♣#
♣.P..#
♣♣..♣#
♣♣.♣
#.####).#
#......##
######.##


You could see the friendly Appia the ancestor and Grinder.

Vanquished Creatures
  Robin (D:2)
  2 adders
  3 oozes
  2 worms (D:2)
  A leopard gecko (D:1)
  2 ball pythons
  4 giant cockroaches
  15 goblins
  5 hobgoblins
  10 jackals
  2 quokkas
  5 bats
  4 frilled lizards
  10 kobolds
  12 rats
  3 bushes (D:3)
81 creatures vanquished.

Vanquished Creatures (collateral kills)
  A goblin (D:2)
  A frilled lizard (D:2)
  A kobold (D:3)
3 creatures vanquished.

Grand Total: 84 creatures vanquished

Notes
Turn   | Place    | Note
-------+----------+-------------------------------------------
     0 | D:1      | KristoblXynda the Troll Wizard began the quest for the Orb.
     0 | D:1      | Reached XP level 1. HP: 16/16 MP: 2/2
   122 | D:1      | Reached XP level 2. HP: 20/24 MP: 4/4
   453 | D:1      | Reached skill level 1 in Unarmed Combat
   457 | D:1      | Reached skill level 1 in Conjurations
   468 | D:1      | Reached XP level 3. HP: 31/31 MP: 5/5
   900 | D:2      | Found a hazy altar of Hepliaklqana.
  1210 | D:2      | Became a worshipper of Hepliaklqana the Forgotten
  1380 | D:2      | Found a stormy altar of Qazlal.
  1381 | D:2      | Noticed Robin
  1407 | D:2      | Killed Robin
  1407 | D:2      | Reached XP level 4. HP: 35/35 MP: 6/6
  2379 | D:3      | Noticed Grinder
  2384 | D:3      | Paralysed by Grinder for 5 turns
  2388 | D:3      | Mangled by Grinder

Levels and vault maps discovered:
D:1:      onia_arrival_mini_spirals, layout_loops_ring
D:2:      layout_loops_corners, lemuel_coloured_pillars_altar,
          nicolae_qazlal_general_emergency, uniq_robin
D:3:      layout_loops_ring, nicolae_overflow_hidden_temple, first_ration,
          serial_forest, infiniplex_forest_end_double, infiniplex_forest_end_2,
          infiniplex_forest_corner_2, infiniplex_forest_corner_1,
          infiniplex_forest_lined_room_3, infiniplex_forest_lined_1,
          infiniplex_forest_lined_room_, uniq_grinder

Skill      XL: |  1  2  3  4 |
---------------+-------------+-----
Unarmed Combat | 1 2 |  2.8
Conjurations   | 1 2 |  2.1
Dodging        | |  1.7
Stealth        | |  1.0
Spellcasting   | |  2.3
Summonings     | |  0.6
Translocations | |  0.6

Action                   |  1- 3 |  4- 6 || total
-------------------------+-------+-------++-------
Melee: Unarmed           |   169 |   195 ||   364
       Punch             |       |     1 ||     1
 Stab: Sleeping          |     2 |     2 ||     4
  Eat: Chunk             |    18 |     9 ||    27
Armor: Robe              |    59 |    32 ||    91
Dodge: Dodged            |    79 |    41 ||   120

Table legend:
 A = Non-vault XP
 B = Vault XP
 C = Vault XP percentage of total XP
 D = Non-vault monster count
 E = Vault monster count
 F = Vault count percentage of total count
                 A         B        C        D         E       F
            +---------+---------+-------+---------+---------+-------
      Total |     152 |      36 |  19.1 |      69 |      12 |  14.8
            +---------+---------+-------+---------+---------+-------
        D:1 |      54 |       0 |   0.0 |      33 |       0 |   0.0
        D:2 |      63 |      36 |  36.4 |      27 |      12 |  30.8
        D:3 |      35 |       0 |   0.0 |       9 |       0 |   0.0
            +---------+---------+-------+---------+---------+-------
